PCL
SPOKANE TRAPPERS @ MILE HIGH BRONCOS
05/23/2027
 
TOP OF THE 1ST
Spokane Trappers batting - Pitching for Mile High Broncos : RHP José García
Pitching: RHP José García
Batting: LHB Juan Viera 0-0: Fly out, F4 (Popup, 3D)
Batting: LHB Rusty Herbert 0-0: Bunt missed!
0-1: Called Strike
0-2: Ball
1-2: Ground out 4-3 (Groundball, 34)
Batting: RHB Ernesto Acosta 0-0: Ball
1-0: Foul Ball, location: 2F
1-1: Ball
2-1: Ball
3-1: SINGLE (Line Drive, 34D)
Batting: LHB José Berroa 0-0: Ground out 4-3 (Groundball, 4S)
Top of the 1st over - 0 run(s), 1 hit(s), 0 error(s), 1 left on base; Spokane 0 - Mile High 0
BOTTOM OF THE 1ST
Mile High Broncos batting - Pitching for Spokane Trappers : RHP Bud Baldwin
Pitching: RHP Bud Baldwin
Batting: LHB Ernesto López 0-0: Ball
1-0: Ball
2-0: Foul Ball, location: 2F
2-1: Reached on error, E6 (Groundball, 6)
Batting: RHB Rodney González 0-0: Ball
1-0: Foul Ball, location: 2F
1-1: Ball
2-1: Foul Ball, location: 2F
2-2: Foul Ball, location: 2F
2-2: Fly out, F4 (Popup, 4S)
Batting: LHB Mark Everett 0-0: Ball
1-0: Ball
2-0: Called Strike
2-1: Foul Ball, location: 2F
2-2: Foul Ball, location: 2F
2-2: Foul Ball, location: 2F
2-2: Foul Ball, location: 2F
2-2: Fly out, F8 (Flyball, 8LS)
Batting: RHB António Martínez 0-0: Foul Ball, location: 2F
0-1: Ball
1-1: Fly out, F8 (Line Drive, 8RM)
Bottom of the 1st over - 0 run(s), 0 hit(s), 1 error(s), 1 left on base; Spokane 0 - Mile High 0
TOP OF THE 2ND
Spokane Trappers batting - Pitching for Mile High Broncos : RHP José García
Batting: RHB Ramiro Ross 0-0: Called Strike
0-1: Foul Ball, location: 2F
0-2: Strikes out swinging
Batting: LHB Héctor Rentería 0-0: Foul Ball, location: 2F
0-1: Ball
1-1: Swinging Strike
1-2: Strikes out looking
Batting: RHB Robert Marks 0-0: Swinging Strike
0-1: Ground out 5-3 (Groundball, 56S)
Top of the 2nd over - 0 run(s), 0 hit(s), 0 error(s), 0 left on base; Spokane 0 - Mile High 0
BOTTOM OF THE 2ND
Mile High Broncos batting - Pitching for Spokane Trappers : RHP Bud Baldwin
Batting: RHB Richard Bankhead 0-0: Fly out, F8 (Flyball, 89D)
Batting: RHB David Moran 0-0: Called Strike
0-1: Ball
1-1: Called Strike
1-2: Strikes out looking
Batting: RHB Edward Williams 0-0: Ball
1-0: Foul Ball, location: 2F
1-1: Ball
2-1: Reached on error, E1 (Groundball, 15S)
Batting: LHB Don Hull 0-0: Ball
1-0: Swinging Strike
1-1: Called Strike
1-2: Foul Ball, location: 2F
1-2: Ball
Wild Pitch!
Edward Williams to second
2-2: Strikes out swinging
Bottom of the 2nd over - 0 run(s), 0 hit(s), 1 error(s), 1 left on base; Spokane 0 - Mile High 0
TOP OF THE 3RD
Spokane Trappers batting - Pitching for Mile High Broncos : RHP José García
Batting: RHB Enrico Rodríguez 0-0: Ball
1-0: Foul Ball, location: 2F
1-1: SINGLE (Line Drive, 56D)
Batting: RHB Alejandro Ramos 0-0: Foul Ball, location: 2F
0-1: Foul Ball, location: 2F
0-2: Fly out, F7 (Line Drive, 7)
Batting: LHB Juan Viera 0-0: Called Strike
0-1: Ground out 4-3 (Groundball, 4S)
Enrico Rodríguez to second
Batting: LHB Rusty Herbert 0-0: Called Strike
0-1: Called Strike
0-2: Fly out, F8 (Line Drive, 8LS)
Top of the 3rd over - 0 run(s), 1 hit(s), 0 error(s), 1 left on base; Spokane 0 - Mile High 0
BOTTOM OF THE 3RD
Mile High Broncos batting - Pitching for Spokane Trappers : RHP Bud Baldwin
Batting: RHB Evan Robinson 0-0: Ball
1-0: Ball
2-0: Ball
3-0: Called Strike
3-1: Base on Balls
Batting: LHB Ernesto López 0-0: Ball
1-0: Ball
2-0: Called Strike
2-1: Foul Ball, location: 2F
2-2: Foul Ball, location: 2F
2-2: Strikes out swinging
Batting: RHB Rodney González 0-0: Fielders Choice at 2nd, 6-4 (Groundball, 6)
Batting: LHB Mark Everett 0-0: Ball
1-0: Ball
2-0: Ball
3-0: Base on Balls
Rodney González to second
Batting: RHB António Martínez 0-0: Called Strike
0-1: Fielders Choice at 2nd, 4-6 (Groundball, 4)
Bottom of the 3rd over - 0 run(s), 0 hit(s), 0 error(s), 1 left on base; Spokane 0 - Mile High 0
TOP OF THE 4TH
Spokane Trappers batting - Pitching for Mile High Broncos : RHP José García
Batting: RHB Ernesto Acosta 0-0: Called Strike
0-1: Foul Ball, location: 2F
0-2: Ground out 6-3 (Groundball, 6)
Batting: LHB José Berroa 0-0: Foul Ball, location: 2F
0-1: Foul Ball, location: 2F
0-2: Ground out U3 (Groundball, 34)
Batting: RHB Ramiro Ross 0-0: Called Strike
0-1: Swinging Strike
0-2: Strikes out swinging
Top of the 4th over - 0 run(s), 0 hit(s), 0 error(s), 0 left on base; Spokane 0 - Mile High 0
BOTTOM OF THE 4TH
Mile High Broncos batting - Pitching for Spokane Trappers : RHP Bud Baldwin
Batting: RHB Richard Bankhead 0-0: Foul Ball, location: 2F
0-1: Called Strike
0-2: Ball
1-2: Fly out, F4 (Line Drive, 4)
Batting: RHB David Moran 0-0: Ball
1-0: Ball
2-0: Ball
3-0: Called Strike
3-1: Foul Ball, location: 2F
3-2: Base on Balls
Batting: RHB Edward Williams 0-0: Ball
1-0: Ball
2-0: Ball
3-0: Called Strike
3-1: Foul Ball, location: 2F
3-2: Base on Balls
David Moran to second
Batting: LHB Don Hull 0-0: Ball
1-0: SINGLE (Groundball, 34) (infield hit)
David Moran to third
Edward Williams to second
Batting: RHB Evan Robinson 0-0: Ball
1-0: Ball
2-0: Foul Ball, location: 2F
2-1: Ball
3-1: Fly out, F8 (Flyball, 8LS)
Runner from 3rd tags up, SCORES, no throw
Batting: LHB Ernesto López 0-0: Foul Ball, location: 2F
0-1: Swinging Strike
0-2: Ball
1-2: Ball
2-2: Foul Ball, location: 2F
2-2: Ball
3-2: Foul Ball, location: 2F
3-2: Fly out, F2 (Popup, 3S)
Bottom of the 4th over - 1 run(s), 1 hit(s), 0 error(s), 2 left on base; Spokane 0 - Mile High 1
TOP OF THE 5TH
Spokane Trappers batting - Pitching for Mile High Broncos : RHP José García
Batting: LHB Héctor Rentería 0-0: Swinging Strike
0-1: Ball
1-1: Fly out, F7 (Flyball, 7S)
Batting: RHB Robert Marks 0-0: Called Strike
0-1: Ball
1-1: Ball
2-1: Ball
3-1: Base on Balls
Batting: RHB Enrico Rodríguez 0-0: Ball
1-0: Ball
2-0: Called Strike
2-1: Foul Ball, location: 2F
2-2: Ball
3-2: Foul Ball, location: 2F
3-2: Base on Balls
Robert Marks to second
Batting: RHB Alejandro Ramos 0-0: Called Strike
0-1: Reached on error, E6 (Groundball, 56)
Robert Marks to third
Enrico Rodríguez to second
Batting: LHB Juan Viera 0-0: Called Strike
0-1: Swinging Strike
0-2: Foul Ball, location: 2F
0-2: Ball
1-2: Ball
2-2: Ball
3-2: Fly out, F4 (Popup, 34D)
Batting: LHB Rusty Herbert 0-0: Ground out 6-3 (Groundball, 6S)
Top of the 5th over - 0 run(s), 0 hit(s), 1 error(s), 3 left on base; Spokane 0 - Mile High 1
BOTTOM OF THE 5TH
Mile High Broncos batting - Pitching for Spokane Trappers : RHP Bud Baldwin
Batting: RHB Rodney González 0-0: Ball
1-0: Called Strike
1-1: Ground out 6-3 (Groundball, 6S)
Batting: LHB Mark Everett 0-0: Foul Ball, location: 2F
0-1: Ground out 2-3 (Groundball, 15S)
Batting: RHB António Martínez 0-0: Ball
1-0: Called Strike
1-1: Called Strike
1-2: Ball
2-2: Fly out, F3 (Flyball, 3D)
Bottom of the 5th over - 0 run(s), 0 hit(s), 0 error(s), 0 left on base; Spokane 0 - Mile High 1
TOP OF THE 6TH
Spokane Trappers batting - Pitching for Mile High Broncos : RHP José García
Batting: RHB Ernesto Acosta 0-0: Called Strike
0-1: Foul Ball, location: 2F
0-2: Ball
1-2: Ground out U3 (Groundball, 3L)
Batting: LHB José Berroa 0-0: Foul Ball, location: 2F
0-1: Foul Ball, location: 2F
0-2: Ball
1-2: DOUBLE (Line Drive, 78D)
Batting: RHB Ramiro Ross 0-0: Called Strike
0-1: Foul Ball, location: 2F
0-2: Foul Ball, location: 2F
0-2: SINGLE (Groundball, 34D)
José Berroa to third
Runner from 3rd tries for Home, SAFE, throw made home
Batting: LHB Héctor Rentería 0-0: Swinging Strike
0-1: Fly out, F7 (Flyball, 78S)
Batting: RHB Robert Marks 0-0: Fielders Choice at 2nd, 6-4 (Groundball, 6)
Top of the 6th over - 1 run(s), 2 hit(s), 0 error(s), 0 left on base; Spokane 1 - Mile High 1
BOTTOM OF THE 6TH
Mile High Broncos batting - Pitching for Spokane Trappers : RHP Bud Baldwin
Batting: RHB Richard Bankhead 0-0: Ball
1-0: Ball
2-0: Ball
3-0: Called Strike
3-1: Called Strike
3-2: Strikes out swinging
Pitching: RHP Ching-wei Zi
Batting: RHB David Moran 0-0: Swinging Strike
0-1: Ball
1-1: Ball
2-1: Fly out, F7 (Line Drive, 78M)
Batting: RHB Edward Williams 0-0: Called Strike
0-1: SINGLE (Groundball, 6MD)
Batting: LHB Don Hull 0-0: Ball
1-0: Ground out 6-3 (Groundball, 6S)
Bottom of the 6th over - 0 run(s), 1 hit(s), 0 error(s), 1 left on base; Spokane 1 - Mile High 1
TOP OF THE 7TH
Spokane Trappers batting - Pitching for Mile High Broncos : RHP José García
Pinch Hitting: SHB Glenn Vadnais 0-0: Ball
1-0: Ball
2-0: Foul Ball, location: 2F
2-1: Fly out, F3 (Line Drive, 34D)
Batting: RHB Alejandro Ramos 0-0: Swinging Strike
0-1: Foul Ball, location: 2F
0-2: Ball
1-2: SINGLE (Line Drive, 7S)
Batting: LHB Juan Viera 0-0: Called Strike
0-1: Ball
1-1: Ball
2-1: Ball
3-1: SINGLE (Groundball, 4MD)
Alejandro Ramos to second
Batting: LHB Rusty Herbert 0-0: Foul Ball, location: 2F
0-1: Swinging Strike
0-2: Ball
1-2: Foul Ball, location: 2F
1-2: Strikes out swinging
Batting: RHB Ernesto Acosta 0-0: Ball
1-0: Ball
2-0: Called Strike
2-1: Ball
3-1: Called Strike
3-2: Foul Ball, location: 2F
3-2: Base on Balls
Alejandro Ramos to third
Juan Viera to second
Pitching: LHP Robin Wilder
Batting: LHB José Berroa 0-0: Called Strike
0-1: Called Strike
0-2: Ball
1-2: Foul Ball, location: 2F
1-2: Fly out, F7 (Flyball, 7)
Top of the 7th over - 0 run(s), 2 hit(s), 0 error(s), 3 left on base; Spokane 1 - Mile High 1
BOTTOM OF THE 7TH
Mile High Broncos batting - Pitching for Spokane Trappers : RHP Ching-wei Zi
Now at 3B: Dani Rodríguez
Batting: RHB Evan Robinson 0-0: Ball
1-0: Foul Ball, location: 2F
1-1: Ball
2-1: Foul Ball, location: 2F
2-2: Foul Ball, location: 2F
2-2: Foul Ball, location: 2F
2-2: Foul Ball, location: 2F
2-2: Ground out 5-3 (Groundball, 5)
Batting: LHB Ernesto López 0-0: Ball
1-0: Ground out 3-1 (Groundball, 34S)
Pinch Hitting: LHB Tony Báez 0-0: Called Strike
0-1: Foul Ball, location: 2F
0-2: Ground out 2-3 (Groundball, 2L)
Bottom of the 7th over - 0 run(s), 0 hit(s), 0 error(s), 0 left on base; Spokane 1 - Mile High 1
TOP OF THE 8TH
Spokane Trappers batting - Pitching for Mile High Broncos : LHP Robin Wilder
Now at 2B: Keith Shaffer
Batting: RHB Ramiro Ross 0-0: Foul Ball, location: 2F
0-1: Ball
1-1: Ball
2-1: Foul Ball, location: 2F
2-2: Strikes out swinging
Batting: LHB Héctor Rentería 0-0: Ball
1-0: Swinging Strike
1-1: Foul Ball, location: 2F
1-2: Strikes out swinging
Batting: RHB Robert Marks 0-0: Fly out, F8 (Flyball, 8LD)
Top of the 8th over - 0 run(s), 0 hit(s), 0 error(s), 0 left on base; Spokane 1 - Mile High 1
BOTTOM OF THE 8TH
Mile High Broncos batting - Pitching for Spokane Trappers : RHP Ching-wei Zi
Batting: LHB Mark Everett 0-0: Ball
1-0: DOUBLE (Line Drive, 7LM)
Batting: RHB António Martínez 0-0: Intentional Walk
Batting: RHB Richard Bankhead 0-0: Ball
1-0: Swinging Strike
1-1: SINGLE (Line Drive, 6MD)
Mark Everett to third
António Martínez to second
Batting: RHB David Moran 0-0: Fly out, F9 (Flyball, 9)
Batting: RHB Edward Williams 0-0: Ball
1-0: Ball
2-0: Ball
3-0: Called Strike
3-1: Base on Balls
Mark Everett scores
António Martínez to third
Richard Bankhead to second
Batting: LHB Don Hull 0-0: Ball
1-0: Ball
2-0: Fly out, F4 (Line Drive, 34)
Batting: RHB Evan Robinson 0-0: SINGLE (Groundball, 6MD)
António Martínez scores
Richard Bankhead to third
Edward Williams to second
Runner from 3rd tries for Home, SAFE, no throw
Pitching: LHP Júlio Hernández
Batting: LHB Ernesto López 0-0: Foul Ball, location: 2F
0-1: Ball
1-1: Foul Ball, location: 2F
1-2: Strikes out swinging
Bottom of the 8th over - 3 run(s), 3 hit(s), 0 error(s), 2 left on base; Spokane 1 - Mile High 4
TOP OF THE 9TH
Spokane Trappers batting - Pitching for Mile High Broncos : LHP Robin Wilder
Pitching: RHP César Rúbio
Batting: RHB Dani Rodríguez 0-0: Ball
1-0: Fly out, F8 (Flyball, 8LD)
Batting: RHB Alejandro Ramos 0-0: Ground out 5-3 (Groundball, 56)
Batting: LHB Juan Viera 0-0: Ground out 4-3 (Groundball, 34)
Top of the 9th over - 0 run(s), 0 hit(s), 0 error(s), 0 left on base; Spokane 1 - Mile High 4
Thursday, March 30th, 2017 - OOTP Baseball 17.12 Build 75